 Dungeon Crawl Stone Soup version 0.30.1-4-g462c640d31 (webtiles) character file.

Game seed: 9386981307164421741

1020 Nick1 the Chopper (level 8, -1/62 HPs)
             Began as a Formicid Fighter on Sept 12, 2023.
             Slain by a gnoll sergeant
             ... wielding a +0 trident
              (9 damage)
             ... on level 5 of the Dungeon.
             The game lasted 00:22:40 (3207 turns).

Nick1 the Chopper (Formicid Fighter)                Turns: 3207, Time: 00:22:41

Health: -1/62      AC:  8    Str: 22    XL:     8   Next: 46%
Magic:  8/8        EV:  9    Int:  9    God:
Gold:   274        SH:  9    Dex: 13    Spells: 7/7 levels left

rFire   . . .        a - +0 war axe
rCold   . . .        t - +0 kite shield
rNeg    . . .        b - +0 scale mail
rPois   .            (helmet unavailable)
rElec   .            x - +0 cloak
rCorr   .            (no gloves)
SInv    +            (no boots)
Will    .....        (no amulet) Stlth
                     (no ring)
HPRegen 0.30/turn    (no ring)
MPRegen 0.11/turn

%: no passive effects
@: lethally poisoned (-1 -> -1)
A: permanent stasis, dig shafts and tunnels, antennae 3, four strong arms
a: Dig, Shaft Self


You were on level 5 of the Dungeon.
You visited 1 branch of the dungeon, and saw 5 of its levels.

You collected 274 gold pieces.

Inventory:

Hand Weapons
 a - a +0 war axe (weapon)
 o - a +0 scythe
 y - a +0 dire flail
Armour
 b - a +0 scale mail (worn)
 c - a +0 buckler
 t - a +0 kite shield (worn)
 x - a +0 cloak (worn)
Jewellery
 d - a ring of protection from fire
 B - a ring of positive energy
Wands
 s - a wand of quicksilver (19)
Scrolls
 g - a scroll of vulnerability
 i - 2 scrolls of poison {unknown}
 j - 3 scrolls of fear {unknown}
 k - a scroll of acquirement {unknown}
 m - a scroll of butterflies {unknown}
 n - 2 scrolls of enchant armour {unknown}
 p - a scroll of teleportation {unknown}
 r - a scroll of magic mapping {unknown}
 v - a scroll of brand weapon {unknown}
 w - a scroll of fog {unknown}
 z - a scroll of blinking {unknown}
 A - a scroll of enchant weapon {unknown}
Potions
 e - a potion of haste {unknown}
 f - 2 potions of curing
 h - 3 potions of flight
 l - 2 potions of brilliance {unknown}
 q - 3 potions of invisibility {unknown}
 u - a potion of attraction {unknown}


   Skills:
 * Level 5.3 Fighting
 * Level 6.6 Axes
 * Level 5.6 Armour
 + Level 1.0 Dodging
 + Level 0.5 Stealth
 * Level 5.7 Shields


You had 7 spell levels left.
You didn't know any spells.
Your spell library contained the following spells:

 Spells                   Type           Power      Damage    Failure   Level
 Apportation              Tloc           0%         N/A       91%         1
 Magic Dart               Conj           0%         1d3       91%         1
 Necrotise                Necr           0%         1d4       91%         1
 Summon Small Mammal      Summ           0%         N/A       91%         1
 Call Imp                 Summ           0%         N/A       97%         2
 Poisonous Vapours        Pois/Air       0%         N/A       97%         2
 Mephitic Cloud           Conj/Pois/Air  0%         N/A       99%         3
 Freezing Cloud           Conj/Ice/Air   0%         6-21      100%        5


Dungeon Overview and Level Annotations

Branches:
Dungeon (5/15)
 Temple: D:4-7

Altars:
Kikubaaqudgha


Innate Abilities, Weirdness & Mutations

You cannot be hasted, slowed, berserked, paralysed or teleported.
You can dig through walls and to a lower floor.
You have a pair of large antennae on your head. (SInv)
Your four strong arms can wield two-handed weapons with a shield.


Message History

You barely miss the gnoll.
The gnoll is heavily wounded.
You block the gnoll's attack. The gnoll hits you but does no damage.
You hit the gnoll but do no damage.
The gnoll is heavily wounded.
The gnoll closely misses you. You block the gnoll's attack.
You hit the gnoll.
The gnoll is almost dead.
The gnoll barely misses you. The gnoll closely misses you.
The gnoll hits you but does no damage. x2
You hit the gnoll.
You kill the gnoll!
The gnoll barely misses you.
The gnoll sergeant hits you from afar with a +0 trident.
The gnoll barely misses you.
The gnoll sergeant hits you with a +0 trident.
Things that are here:
a +0 spear; a gnoll corpse You slash the gnoll!
You kill the gnoll!
You hit the gnoll sergeant but do no damage.
You block the gnoll sergeant's attack. The adder bites you.
You miss the adder.
You hit the gnoll sergeant but do no damage.
The adder bites you. You block the gnoll sergeant's attack.
The adder bites you.
You are poisoned.
The adder poisons you!
You slash the adder!
The adder is severely wounded.
You hit the gnoll sergeant.
You feel sick.
The gnoll sergeant hits you with a +0 trident!
* * * LOW HITPOINT WARNING * * *
The adder barely misses you.
The gnoll sergeant hits you with a +0 trident!
* * * LOW HITPOINT WARNING * * *
Are you sure you want to shaft yourself?
You feel sick. The adder barely misses you.
The gnoll sergeant hits you with a +0 trident!
You die...

######################
#.ggg@................
#.##S####....#########
..g #)...# ##.. #....#
... #....# ###. #....#
#. #....# #. #....#
#....#


You could see a gnoll sergeant, 3 gnolls and an adder.

Vanquished Creatures
  Sigmund (D:2)
  A phantom (D:5)
  2 necrophages (D:4)
  A scorpion (D:5)
  2 wights (D:4)
  A howler monkey (D:5)
  2 hounds (D:5)
  A human zombie (D:4)
  An orc priest (D:3)
  2 jellies
  2 iguanas (D:4)
  2 hound zombies (D:4)
  3 mummies (D:4)
  A howler monkey zombie (D:4)
  2 gnolls (D:5)
  4 adders
  A white imp (D:5)
  An ufetubus (D:4)
  An adder zombie (D:4)
  2 worms
  3 dart slugs
  12 orcs
  5 endoplasms
  A giant cockroach (D:4)
  9 goblins
  3 hobgoblins
  7 jackals (D:4)
  3 kobolds
  5 ball pythons
  4 bats
  4 rats
89 creatures vanquished.

Notes
Turn   | Place    | Note
-------+----------+-------------------------------------------
     0 | D:1      | Nick1 the Formicid Fighter began the quest for the Orb.
     0 | D:1      | Reached XP level 1. HP: 18/18 MP: 1/1
   194 | D:1      | Reached XP level 2. HP: 20/24 MP: 2/2
   419 | D:1      | Found a faded altar of an unknown god.
   710 | D:2      | Reached XP level 3. HP: 29/29 MP: 3/3
  1046 | D:2      | Noticed Sigmund
  1064 | D:2      | Killed Sigmund
  1065 | D:2      | Reached skill level 3 in Axes
  1065 | D:2      | Reached XP level 4. HP: 13/37 MP: 4/4
  1065 | D:2      | Reached XP level 5. HP: 14/42 MP: 5/5
  1065 | D:2      | Reached XP level 6. HP: 17/48 MP: 6/6
  1368 | D:3      | Reached skill level 4 in Axes
  2246 | D:4      | Found an ancient bone altar of Kikubaaqudgha.
  2253 | D:4      | Reached XP level 7. HP: 45/54 MP: 7/7
  2258 | D:4      | Reached skill level 5 in Axes
  2258 | D:4      | Reached skill level 5 in Armour
  2264 | D:4      | Reached skill level 5 in Shields
  2618 | D:5      | Entered Level 5 of the Dungeon
  2641 | D:5      | Reached skill level 6 in Axes
  2641 | D:5      | Reached skill level 1 in Dodging
  2641 | D:5      | Reached XP level 8. HP: 58/61 MP: 8/8
  3069 | D:5      | Reached skill level 5 in Fighting
  3207 | D:5      | Slain by a gnoll sergeant

Illustrated notes

Levels and vault maps discovered:
D:1:      dpeg_arrival_arbitrary_b, layout_loops_ring,
          nicolae_ecumenical_snake_handling
D:2:      layout_basic, uniq_sigmund
D:3:      layout_basic
D:4:      layout_cave_pools, lemuel_mausoleum_altar_kikubaaqudgha
D:5:      layout_basic

Skill      XL: |  1  2  3  4  5  6  7  8 |
---------------+-------------------------+-----
Axes           | 3 4 6 |  6.6
Armour         | 4 5 |  5.6
Fighting       | 4 5 |  5.3
Shields        | 5 |  5.7
Dodging        | 1 |  1.0
Stealth        | |  0.5

Action                     |  1- 3 |  4- 6 |  7- 9 || total
---------------------------+-------+-------+-------++-------
  Melee: War axe           |    65 |   106 |   143 ||   314
Ability: Shaft Self        |       |       |     1 ||     1
    Use: Scroll            |     4 |     1 |       ||     5
         Potion            |       |       |     2 ||     2
 Armour: Scale mail        |    26 |    49 |    49 ||   124
  Dodge: Dodged            |    28 |    55 |    38 ||   121
  Block: Buckler           |    12 |    21 |       ||    33
         Kite shield       |       |    10 |    70 ||    80
